 Dungeon Crawl Stone Soup version 0.30-a0-916-g98134172ad (webtiles) character file.

Game seed: 16499169441375193627

85 Ijustatesigmund the Firebug (level 4, -3/48 HPs)
             Began as a Gnoll Fire Elementalist on Mar 20, 2023.
             Blown up by Ijyb (12 damage)
             ... with a mindburst bolt
             ... on level 3 of the Dungeon.
             The game lasted 00:03:15 (2189 turns).

Ijustatesigmund the Firebug (GnFE)                  Turns: 2189, Time: 00:03:16

Health: -3/48      AC: 22    Str:  7    XL:     4   Next: 48%
Magic:  2/11       EV:  2    Int: 17    God:
Gold:   79         SH:  0    Dex: 18    Spells: 10/13 levels left

rFire   . . .      SeeInvis .    f - +2 short sword (freeze)
rCold   + . .      Faith    .    (no shield)
rNeg    . . .      Spirit   .    a - melded +0 robe
rPois   +          Reflect  .    (helmet currently unavailable)
rElec   .          Rampage  .    (cloak currently unavailable)
rCorr   .          NoTele   +    (gloves currently unavailable)
Will    .....                    (boots currently unavailable)
Stlth   +++                      (no amulet)
HPRegen 0.28/turn                j - ring of protection from cold
MPRegen 0.12/turn                k - +6 ring of dexterity

@: lethally poisoned (-3 -> -9), tree-form
A: stationary, stasis, torment immunity, boosted hp, (fangs 1), strong nose,
distributed training
a: no special abilities


You were on level 3 of the Dungeon.
You were a tree.
You visited 1 branch of the dungeon, and saw 3 of its levels.

You collected 79 gold pieces.

Inventory:

Hand Weapons
 f - a +2 short sword of freezing (weapon)
Armour
 a - a +0 robe (melded)
Jewellery
 j - a ring of protection from cold (left branch)
 k - a +6 ring of dexterity (right branch)
 l - a ring of protection from cold
Scrolls
 d - a scroll of silence {unknown}
 g - a scroll of butterflies {unknown}
 h - 2 scrolls of poison
 i - a scroll of immolation {unknown}
Potions
 b - a potion of magic
 e - a potion of brilliance {unknown}


   Skills:
 + Level 1.2 Fighting
 + Level 1.2 Short Blades
 + Level 1.2 Long Blades
 + Level 1.2 Axes
 + Level 1.2 Maces & Flails
 + Level 1.2 Polearms
 + Level 1.2 Staves
 + Level 1.2 Ranged Weapons
 + Level 1.2 Throwing
 + Level 1.2 Armour
 + Level 4.6 Dodging
 + Level 4.3 Stealth
 + Level 1.2 Shields
 + Level 1.2 Unarmed Combat
 + Level 5.1 Spellcasting
 + Level 2.2 Conjurations
 + Level 1.0 Hexes
 + Level 1.0 Summonings
 + Level 1.0 Necromancy
 + Level 1.0 Translocations
 + Level 1.0 Transmutations
 + Level 5.5 Fire Magic
 + Level 1.0 Ice Magic
 + Level 1.0 Air Magic
 + Level 1.0 Earth Magic
 + Level 1.0 Poison Magic
 + Level 1.3 Invocations
 + Level 1.2 Evocations


You had 10 spell levels left.
You knew the following spells:

 Your Spells              Type           Power      Damage    Failure   Level
a - Foxfire               Conj/Fire      68%        2x1d7     2%          1
b - Scorch                Fire           46%        2d7       2%          2

Your spell library contained the following spells:

 Spells                   Type           Power      Damage    Failure   Level
 Inner Flame              Hex/Fire       15%        N/A       11%         3
 Kindle Blastsparks       Fire/Tloc/Air  24%        2d12      16%         3
 Flame Wave               Conj/Fire      17%        2d7       28%         4


Dungeon Overview and Level Annotations

Branches:
Dungeon (3/15)

Altars:

Shops:
D:1 ![   D:2 [

Annotations:
D:3 Ijyb


Innate Abilities, Weirdness & Mutations

You are a tree.
Your roots penetrate the ground, keeping you stationary.
You cannot be teleported.
You are immune to unholy pain and torment.
Your maximum health is greatly increased.
Your equipment is partially melded.
((You have very sharp teeth.))
Your uncanny sense of smell can sniff out nearby items.
Your experience applies equally to all skills.


Message History

Ijyb is lightly wounded.
You feel sick. The bat hits you but does no damage.
You completely miss Ijyb.
Ijyb is lightly wounded.
You feel sick. Ijyb hits you but does no damage. The bat hits you.
Casting: Scorch (safe; 2% risk of failure)
Confirm with . or Enter, or press ? or * to list all spells.
You conjure some foxfire!
You feel sick. The bat hits you but does no damage.
Ijyb hits you with a +1 dagger of venom.
* * * LOW HITPOINT WARNING * * *
You feel sick.
The foxfire hits Ijyb but does no damage.
Ijyb is lightly wounded.
The foxfire hits the bat.
The bat is severely wounded.
Ijyb zaps a wand.
You barely resist. The bat barely misses you.
Casting: Foxfire (safe; 2% risk of failure)
Confirm with . or Enter, or press ? or * to list all spells.
You conjure some foxfire!
You feel sick.
You are no longer poisoned.
The bat hits you but does no damage. Ijyb hits you but does no damage.
The bat hits you but does no damage.
The foxfire hits Ijyb but does no damage.
Ijyb is lightly wounded.
The foxfire hits the bat.
You kill the bat!
Ijyb hits you but does no damage.
Casting: Foxfire (safe; 2% risk of failure)
Confirm with . or Enter, or press ? or * to list all spells.
Flames lash Ijyb but do no damage.
Ijyb hits you but does no damage.
Ijyb hits you with a +1 dagger of venom.
* * * LOW HITPOINT WARNING * * *
You are poisoned.
Casting: Scorch (safe; 2% risk of failure)
Confirm with . or Enter, or press ? or * to list all spells.
Flames lash Ijyb.
Ijyb is moderately wounded.
Ijyb's fire resistance burns away.
You feel sick.
Ijyb zaps a wand.
Your mind is blasted!
You die...

........
.........#######
...............#
...............#
..............+
#....##......##
#.##.....†......#
..........♣?....#
.###.....#g....#
#.<...#.....#
#.....#.....#
....####.....#
#...... .....#
+...... ######
#.....## <.....#


You could see Ijyb (combustible).

Vanquished Creatures
  3 gnolls (D:2)
  2 adders
  A worm (D:2)
  A dart slug (D:1)
  2 endoplasms (D:1)
  2 giant cockroaches
  5 goblins
  2 hobgoblins (D:1)
  2 ball pythons
  6 bats
  3 kobolds (D:1)
  3 rats
32 creatures vanquished.

Vanquished Creatures (others)
  73 foxfires
73 creatures vanquished.

Grand Total: 105 creatures vanquished

Notes
Turn   | Place    | Note
-------+----------+-------------------------------------------
     0 | D:1      | Ijustatesigmund the Gnoll Fire Elementalist began the quest
                  | for the Orb.
     0 | D:1      | Reached XP level 1. HP: 13/13 MP: 6/6
    84 | D:1      | Found Otydgh's Armour Emporium.
   345 | D:1      | Reached XP level 2. HP: 19/19 MP: 7/7
   355 | D:1      | Learned a level 2 spell: Scorch
   596 | D:1      | Found Xigu's Distillery.
  1021 | D:2      | Found Menofim's Armour Shop.
  1039 | D:2      | Reached skill level 5 in Spellcasting
  1039 | D:2      | Reached skill level 1 in Invocations
  1039 | D:2      | Reached XP level 3. HP: 9/25 MP: 3/9
  1207 | D:2      | Reached skill level 1 in Fighting
  1207 | D:2      | Reached skill level 1 in Short Blades
  1207 | D:2      | Reached skill level 1 in Long Blades
  1207 | D:2      | Reached skill level 1 in Axes
  1207 | D:2      | Reached skill level 1 in Maces & Flails
  1207 | D:2      | Reached skill level 1 in Polearms
  1207 | D:2      | Reached skill level 1 in Staves
  1207 | D:2      | Reached skill level 1 in Ranged Weapons
  1207 | D:2      | Reached skill level 1 in Throwing
  1207 | D:2      | Reached skill level 1 in Armour
  1207 | D:2      | Reached skill level 1 in Shields
  1207 | D:2      | Reached skill level 1 in Unarmed Combat
  1207 | D:2      | Reached skill level 1 in Evocations
  1402 | D:2      | Reached XP level 4. HP: 32/32 MP: 4/11
  2168 | D:3      | Reached skill level 1 in Hexes
  2168 | D:3      | Reached skill level 1 in Summonings
  2168 | D:3      | Reached skill level 1 in Necromancy
  2168 | D:3      | Reached skill level 1 in Translocations
  2168 | D:3      | Reached skill level 1 in Transmutations
  2168 | D:3      | Reached skill level 1 in Ice Magic
  2168 | D:3      | Reached skill level 1 in Air Magic
  2168 | D:3      | Reached skill level 1 in Earth Magic
  2168 | D:3      | Reached skill level 1 in Poison Magic
  2170 | D:3      | Noticed Ijyb
  2189 | D:3      | Blown up by Ijyb

Illustrated notes

Levels and vault maps discovered:
D:1:      psy_arrival_basics, layout_loops_ring, serial_shops,
          nicolae_lakefront_shop, shop
D:2:      layout_loops_ring, serial_shops, nicolae_shop_crystal,
          minmay_misc_feat_tower, corexii_shack, serial_bayou_pond_d,
          kennysheep_generic_room_16
D:3:      layout_basic, bloody_trog, basic_ecumenical_altar, uniq_terence,
          uniq_ijyb

Skill      XL: |  1  2  3  4 |
---------------+-------------+-----
Conjurations   | 2 |  2.2
Spellcasting   | 5 |  5.1
Invocations    | 1 |  1.3
Fighting       | 1 |  1.2
Short Blades   | 1 |  1.2
Long Blades    | 1 |  1.2
Axes           | 1 |  1.2
Maces & Flails | 1 |  1.2
Polearms       | 1 |  1.2
Staves         | 1 |  1.2
Ranged Weapons | 1 |  1.2
Throwing       | 1 |  1.2
Armour         | 1 |  1.2
Shields        | 1 |  1.2
Unarmed Combat | 1 |  1.2
Evocations     | 1 |  1.2
Hexes          | 1 |  1.0
Summonings     | 1 |  1.0
Necromancy     | 1 |  1.0
Translocations | 1 |  1.0
Transmutations | 1 |  1.0
Ice Magic      | 1 |  1.0
Air Magic      | 1 |  1.0
Earth Magic    | 1 |  1.0
Poison Magic   | 1 |  1.0
Dodging        | |  4.6
Stealth        | |  4.3
Fire Magic     | |  5.5

Action                     |  1- 3 |  4- 6 || total
---------------------------+-------+-------++-------
  Melee: Short sword       |     7 |     5 ||    12
   Cast: Foxfire           |    33 |    13 ||    46
         Scorch            |     5 |     6 ||    11
    Use: Scroll            |     3 |       ||     3
         Potion            |       |     1 ||     1
   Stab: Sleeping          |     1 |     1 ||     2
 Armour: Robe              |     2 |       ||     2
         Skin              |       |    14 ||    14
  Dodge: Dodged            |    12 |     6 ||    18

Table legend: (Time is in decaauts)
 A = Elapsed time spent in this place.
 B = Non-inter-level travel time spent in this place.
 C = Inter-level travel time spent in this place.
 D = Time resting spent in this place.
 E = Time spent auto-exploring this place.
 F = Levels seen in this place.
 G = Mean time per level.
                   A        B        C        D        E       F      G
               +--------+--------+--------+--------+--------+-----+--------+
         Total |   2187 |   2112 |     75 |    487 |   1398 |   3 |  729.0 |
       Dungeon |   2187 |   2112 |     75 |    487 |   1398 |   3 |  729.0 |
               +--------+--------+--------+--------+--------+-----+--------+

Top non-repeatable levels by time:
     D:2: 1174 daAuts
     D:1: 990 daAuts
     D:3: 22 daAuts
